 Dungeon Crawl Stone Soup version 0.30-a0-141-g30f27751c5 (webtiles) character file.

Game seed: 17379577767968918286

85 ytrimaz the Insei (level 4, -12/42 HPs)
             Began as an Octopode Transmuter on Sept 26, 2022.
             Mangled by an ogre
             ... wielding a +0 giant spiked club
              (22 damage)
             ... on level 3 of the Dungeon.
             The game lasted 00:04:04 (2665 turns).

ytrimaz the Insei (Octopode Transmuter)             Turns: 2665, Time: 00:04:06

Health: -12/42     AC: 22    Str:  9    XL:     4   Next: 48%
Magic:  4/7        EV:  2    Int: 17    God:
Gold:   137        SH:  0    Dex: 12    Spells: 2/8 levels left

rFire   . . .      SeeInvis .      - Unarmed
rCold   . . .      Faith    .    (no shield)
rNeg    . . .      Spirit   .    (helmet currently unavailable)
rPois   +          Reflect  .    (no amulet)
rElec   .          Harm     .    (no ring)
rCorr   .          Rampage  .    (no ring)
Will    .....      NoTele   +    (no ring)
Stlth   +.........               (no ring)
HPRegen 0.14/turn                (no ring)
MPRegen 0.10/turn                (no ring)
                                 (no ring)
                                 (no ring)

@: tree-form
A: stationary, stasis, torment immunity, boosted hp, almost no armour,
(amphibious), 8 rings, (camouflage 1), (gelatinous body 1), (nimble swimmer 1),
(tentacles)
a: no special abilities


You were on level 3 of the Dungeon.
You were a tree.
You visited 1 branch of the dungeon, and saw 3 of its levels.

You collected 137 gold pieces.


Innate Abilities, Weirdness & Mutations

You are a tree.
Your roots penetrate the ground, keeping you stationary.
You cannot be teleported.
You are immune to unholy pain and torment.
Your maximum health is greatly increased.
You cannot wear most types of armour.
((You are amphibious.))
You can wear up to eight rings at the same time.
((Your skin changes colour to match your surroundings (Stealth+).))
((Your rubbery body absorbs attacks. (AC +1, EV +1)))
((You are camouflaged when in or above water. (Stealth+)))
((You have tentacles for arms and can constrict up to eight enemies at once.))


   Skills:
 - Level 1.0 Fighting
 - Level 2.0 Dodging
 - Level 3.0 Unarmed Combat
 + Level 2.6 Spellcasting
 + Level 2.8 Transmutations
 + Level 1.8 Ice Magic
 + Level 2.2 Poison Magic


You had 2 spell levels left.
You knew the following spells:

 Your Spells              Type           Power      Damage    Failure   Level
a - Beastly Appendage     Tmut           22%        N/A       6%          1
b - Wereblood             Tmut           11%        N/A       9%          2
c - Spider Form           Tmut/Pois      10%        N/A       19%         3

Your spell library contained the following spells:

 Spells                   Type           Power      Damage    Failure   Level
 Apportation              Tloc           4%         N/A       19%         1
 Necrotise                Necr           8%         1d4       19%         1
 Summon Small Mammal      Summ           8%         N/A       19%         1
 Ignite Poison            Fire/Tmut/Pois 7%         N/A       26%         3
 Ice Form                 Ice/Tmut       10%        N/A       56%         4
 Sticky Flame             Conj/Fire      2%         2d3       88%         4

Inventory:

Scrolls
 a - a scroll of summoning
 d - 3 scrolls of teleportation
 i - a scroll of fear
Potions
 b - a potion of invisibility {unknown}
 c - 2 potions of flight {unknown}
 e - a potion of curing {unknown}
 f - a potion of magic {unknown}

Dungeon Overview and Level Annotations

Branches:
Dungeon (3/15) Zot: 15340

Altars:

###### #....##########
##########..............
.....................>..
....(#####......l.....r.
.....########...♣O..#.#
.....'..............#
.....#######........#
.....'..............#
.....###...(.########
..#.#........#
#.#.##.#.....# #.#.##.#
....# #.#.##.# ...#


You could see an ogre (poisoned), a frilled lizard and a rat (wandering).


Message History

Something tries to affect you, but you resist.
The orc throws a boomerang.
The boomerang misses you.
Unknown command.
You hit something. Something hits you.
The orc throws a boomerang.
You barely miss something.
You hear some strange, mumbled words.
Something tries to affect you, but you resist.
Unknown command.
You closely miss something.
Your transformation is almost over.
Something hits you.
* * * LOW HITPOINT WARNING * * *
The orc throws a boomerang.
The boomerang closely misses you. 😨 HP[-1]
You take 1 damage, and now have 14/28 hp.
You hit something.
Reactivating autopickup.
You feel a bit more experienced.
You hit the orc.
The orc is poisoned.
Unknown command.
You hit the orc. The orc misses you.
You hit the orc.
You kill the orc!
Unknown command.
Items here: ( )) [[.
Your transformation has ended. 😨 MP[+1] Unknown command.
Key pressed, stopping explore.
Key pressed, stopping explore.
Unknown command. 😕 HP[+11] MP[+4]
You regained 11 hp, and now have 25/28 hp.
Your mp is fully restored (7).
Found a stone staircase leading down. 😎 HP[+3]
Your hp is fully restored (28).
You pick up an Everburning Encyclopedia and begin reading...
You add the spells Ignite Poison and Sticky Flame to your library.
Things that are here:
a +0 hand axe; a +0 leather armour; an orc corpse A bat comes into view.
A bat is nearby!
A bat is nearby!
The helpless bat fails to defend itself.
You tentacle-slap the bat. You grab the bat. You constrict the bat.
The bat closely misses you.
The bat struggles to escape constriction.
The bat escapes!
The bat hits you. 😕 HP[-1]
You take 1 damage, and now have 27/28 hp.
The bat hits you but does no damage.
You closely miss the bat. You grab the bat. You squeeze the bat.
You kill the bat!
Key pressed, stopping explore.
No target in view! 😎 HP[+1]
Your hp is fully restored (28).
Found a stone staircase leading up.
There is a stone staircase leading up here.
Key pressed, stopping explore.
Unknown command.
You open the door. As you open the door, it creaks loudly!
You open the door.
There is an open door here.
You see here 6 stones.
A frilled lizard comes into view.
A frilled lizard is nearby!
An ogre comes into view. It is wielding a +0 giant spiked club.
Found a stone staircase leading down.
Casting: Spider Form (quite dangerous; 19% risk of failure)
Confirm with . or Enter, or press ? or * to list all spells.
The spell is quite dangerous to miscast (19% risk of failure)!
Continue anyway?
You turn into a venomous arachnid creature.
The frilled lizard hisses angrily. 😎 MP[-3]
You lost 3 mp, and now have 4/7 mp.
Unknown command.
The ogre shouts!
The frilled lizard completely misses you.
The ogre barely misses you.
You hit the ogre.
The ogre is poisoned.
The frilled lizard misses you.
The ogre hits you with a +0 giant spiked club!!
Ouch! That really hurt!
* * * LOW HITPOINT WARNING * * *
You hit the ogre. The frilled lizard bites you.
* * * LOW HITPOINT WARNING * * *
😱 HP[-22]
You take 22 damage, and now have 6/28 hp.
MASSIVE DAMAGE!! (PAUSE) Really quaff the potion of lignification?
Your transformation has ended.
You turn into a tree.
Your roots penetrate the ground.
A rat comes into view.
The frilled lizard bites you but does no damage.
The ogre hits you with a +0 giant spiked club!!
Ouch! That really hurt!
You die...

Skill      XL: |  1  2  3  4 |
---------------+-------------+-----
Poison Magic   | 1 2 |  2.2
Ice Magic      | 1 |  1.8
Fighting       | |  1.0
Dodging        | |  2.0
Unarmed Combat | |  3.0
Spellcasting   | |  2.6
Transmutations | |  2.8

Action                   |  1- 3 |  4- 6 || total
-------------------------+-------+-------++-------
Melee: Unarmed           |    82 |    23 ||   105
       Constrict         |    20 |     4 ||    24
       Tentacles         |    12 |     1 ||    13
       Kick              |    11 |     1 ||    12
 Cast: Beastly Appendage |    13 |     1 ||    14
       Spider Form       |       |     2 ||     2
  Use: Potion            |     1 |     1 ||     2
       Scroll            |     7 |       ||     7
 Stab: Sleeping          |     3 |     1 ||     4
Armor: Skin              |    11 |     3 ||    14
Dodge: Dodged            |    54 |    13 ||    67

Levels and vault maps discovered:
D:1:      sevenhm_arrival_forest_fort_large_4, layout_rooms
D:2:      layout_basic, hellmonk_ecumenical_altar_leap_of_faith,
          chequers_serial_rivers_micro_b, chequers_arboretum,
          minmay_pentomino_p4
D:3:      layout_basic, serial_aquarium, aquarium_bridge_square
          [aquarium_subvault_bridge, aquarium_subvault_window,
          aquarium_subvault_bridge, aquarium_subvault_window],
          aquarium_window_2, aquarium_window_3, aquarium_view_2c,
          aquarium_balcony_1b, uniq_natasha

Notes
Turn   | Place    | Note
-------+----------+-------------------------------------------
     0 | D:1      | ytrimaz the Octopode Transmuter began the quest for the
                  | Orb.
     0 | D:1      | Reached XP level 1. HP: 13/13 MP: 3/3
     0 | D:1      | magus.rc [v1.9.6]
   320 | D:1      | Reached XP level 2. HP: 17/18 MP: 3/5
   556 | D:1      | Reached skill level 1 in Poison Magic
   646 | D:1      | Reached skill level 1 in Ice Magic
  1236 | D:2      | Reached XP level 3. HP: 23/23 MP: 4/6
  1684 | D:2      | Found a faded altar of an unknown god.
  1720 | D:2      | You pick up a book of Cantrips and begin reading...
  1720 | D:2      | You add the spells Necrotise, Summon Small Mammal and
                  | Apportation to your library.
  2311 | D:3      | Reached XP level 4. HP: 28/28 MP: 7/7
  2344 | D:3      | Learned a level 2 spell: Wereblood
  2348 | D:3      | Learned a level 3 spell: Spider Form
  2352 | D:3      | Reached skill level 2 in Poison Magic
  2550 | D:3      | You add the spells Ignite Poison and Sticky Flame to your
                  | library.
  2657 | D:3      | Noticed an ogre
  2663 | D:3      | HP: 7/28 [ogre/+0 giant spiked club (21)]
  2665 | D:3      | Mangled by an ogre

Vanquished Creatures
  An orc wizard (D:3)
  An adder (D:2)
  A worm (D:2)
  A dart slug (D:2)
  4 orcs (D:3)
  3 endoplasms
  3 giant cockroaches (D:1)
  2 goblins (D:1)
  6 hobgoblins
  A quokka (D:3)
  8 ball pythons
  5 bats
  A frilled lizard (D:2)
  6 kobolds
  4 rats
47 creatures vanquished.

Table legend:
 A = Non-vault XP
 B = Vault XP
 C = Vault XP percentage of total XP
 D = Non-vault monster count
 E = Vault monster count
 F = Vault count percentage of total count
                 A         B        C        D         E       F
            +---------+---------+-------+---------+---------+-------
      Total |     116 |       6 |   4.9 |      43 |       4 |   8.5
            +---------+---------+-------+---------+---------+-------
        D:1 |      31 |       0 |   0.0 |      20 |       0 |   0.0
        D:2 |      35 |       6 |  14.6 |      11 |       4 |  26.7
        D:3 |      50 |       0 |   0.0 |      12 |       0 |   0.0
            +---------+---------+-------+---------+---------+-------

Illustrated notes

Table legend:
 A = Kills in this place as a percentage of kills in entire the game.
 B = Kills by you in this place as a percentage of kills by you in the entire game.
 C = Kills by friends in this place as a percentage of kills by friends in the entire game.
 D = Other kills in this place as a percentage of other kills in the entire game.
 E = Experience gained in this place as a percentage of experience gained in the entire game.
 F = Experience gained in this place divided by the number of levels of this place that you have seen.
                   A       B       C       D       E      F
               +-------+-------+-------+-------+-------+----------------------
         Total | 100.0 | 100.0 |   N/A |   N/A | 100.0 |  40.7
       Dungeon | 100.0 | 100.0 |   N/A |   N/A | 100.0 |  40.7
               +-------+-------+-------+-------+-------+----------------------

Table legend: (Time is in decaauts)
 A = Elapsed time spent in this place.
 B = Non-inter-level travel time spent in this place.
 C = Inter-level travel time spent in this place.
 D = Time resting spent in this place.
 E = Time spent auto-exploring this place.
 F = Levels seen in this place.
 G = Mean time per level.
                   A        B        C        D        E       F      G
               +--------+--------+--------+--------+--------+-----+--------+
         Total |   2658 |   2612 |     46 |    140 |   2081 |   3 |  886.0 |
       Dungeon |   2658 |   2612 |     46 |    140 |   2081 |   3 |  886.0 |
               +--------+--------+--------+--------+--------+-----+--------+

Top non-repeatable levels by time:
     D:1: 1139 daAuts
     D:2: 881 daAuts
     D:3: 637 daAuts
